 Dungeon Crawl Stone Soup version 0.29-a0-1027-gcd8c55af63 (webtiles) character file.

Game seed: 12733272917814336164

71 GreenGift the Firebug (level 4, -3/33 HPs)
             Began as a Draconian Fire Elementalist on Aug 13, 2022.
             Slain by a goblin
             ... wielding a +0 club
             ... led by Robin
              (4 damage)
             ... on level 2 of the Dungeon.
             The game lasted 00:11:08 (2223 turns).

GreenGift the Firebug (Draconian Fire Elementalist) Turns: 2223, Time: 00:11:09

Health: -3/33      AC:  5    Str: 10    XL:     4   Next: 5%
Magic:  3/7        EV: 12    Int: 17    God:
Gold:   146        SH:  0    Dex: 12    Spells: 4/7 levels left

rFire   . . .      SeeInvis .   (no weapon)
rCold   . . .      Faith    .   (no shield)
rNeg    . . .      Spirit   .   (body armour unavailable)
rPois   .          Reflect  .   (helmet restricted)
rElec   .          Harm     .   (no cloak)
rCorr   .          Rampage  .   (no gloves)
Will    .....                   (no boots)
Stlth   ++........              (no amulet)
HPRegen 0.11/turn               (no ring)
MPRegen 0.10/turn               (no ring)

@: about to teleport
A: AC +5, unfitting armour, cold-blooded
a: no special abilities


You were on level 2 of the Dungeon.
You visited 1 branch of the dungeon, and saw 2 of its levels.

You collected 146 gold pieces.

Inventory:

Potions
 b - a potion of resistance {unknown}
 c - 2 potions of curing {unknown}
 d - a potion of invisibility {unknown}
 f - a potion of degeneration {unknown}
 g - 2 potions of heal wounds {unknown}
 h - a potion of berserk rage {unknown}


   Skills:
 + Level 2.3 Dodging
 + Level 2.4 Stealth
 + Level 2.4 Spellcasting
 + Level 1.9 Conjurations
 + Level 3.4 Fire Magic


You had 4 spell levels left.
You knew the following spells:

 Your Spells              Type           Power      Damage    Failure   Level
a - Foxfire               Conj/Fire      44%        2x1d6     6%          1
b - Scorch                Fire           26%        2d6       7%          2

Your spell library contained the following spells:

 Spells                   Type           Power      Damage    Failure   Level
 Conjure Flame            Conj/Fire      11%        6-21      19%         3
 Inner Flame              Hex/Fire       7%         N/A       26%         3
 Flame Wave               Conj/Fire      11%        2d6       52%         4


Dungeon Overview and Level Annotations

Branches:
Dungeon (2/15)

Altars:

Shops:
D:2 [

Annotations:
D:2 Robin


Innate Abilities, Weirdness & Mutations

Your plain brown scales are hard. (AC +5)
You cannot fit into any form of body armour.
You are cold-blooded and may be slowed by cold attacks.


Message History

The goblin hits you with a +0 club. The hobgoblin hits you.
Casting: Scorch (safe; 7% risk of failure)
Confirm with . or Enter, or press ? or * to list all spells.
Flames lash the goblin.
You kill the goblin!
The goblin hits you but does no damage. The goblin hits you with a +0 club.
Robin says, "My goblins will feast on your bones."
You conjure some foxfire!
The goblin hits you with a +0 club. The hobgoblin hits you.
The goblin hits you with a +0 club.
The hobgoblin hits you but does no damage.
Your foxfire dissipates!
The goblin closely misses you. The hobgoblin barely misses you.
The goblin attacks as you move away! The goblin hits you with a +0 club.
The goblin no longer looks unusually strong. x2
The goblin hits you with a +0 club.
* * * LOW HITPOINT WARNING * * *
You open the door. The goblin hits you with a +0 club.
* * * LOW HITPOINT WARNING * * *
The goblin attacks as you move away! The goblin hits you but does no damage.
The goblin attacks as you move away! The goblin closely misses you.
The hobgoblin hits you.
* * * LOW HITPOINT WARNING * * *
There is an open door here.
You are too injured to fight recklessly!
The hobgoblin attacks as you move away!
The hobgoblin hits you but does no damage.
A hobgoblin comes into view.
The hobgoblin no longer looks unusually strong.
Robin throws the goblin at you!
* * * LOW HITPOINT WARNING * * *
You are too injured to fight recklessly!
You are too injured to fight recklessly!
As you read the scroll of teleportation, it crumbles to dust.
You feel strangely unstable.
The hobgoblin no longer looks unusually strong.
The goblin barely misses you.
You closely miss the goblin. The goblin misses you.
The hobgoblin hits you but does no damage.
The goblin hits you with a +0 club.
You die...

.........##.........#.#.#.#######
)........##...........#.#........
...................##.#.#.......#
####...##.##.......'....#.#####.#
#...##.##.......#.#........#.#
#...##.##.......#.#.##.###.#.#
#...##..........#.####... #.#
#...##........g.#.......## #.#
#...##...(..g@.....# ##.####.#
#...##...####g##....g .......
#...##...#..gg# #.... .####.# ##
##...........g# .##. .. #.# .#
#..........).# . #.# .#
#............# #..
.####..........).####### ####
...............))......# #...
.####.#....#..#..)####.# #. #.##


You could see Robin, 4 hobgoblins and 2 goblins.

Vanquished Creatures
  An adder (D:2)
  A worm (D:2)
  4 dart slugs
  3 ball pythons (D:2)
  3 endoplasms
  2 giant cockroaches
  14 goblins
  2 hobgoblins (D:1)
  8 bats
  5 frilled lizards
  2 kobolds
  4 rats
49 creatures vanquished.

Vanquished Creatures (others)
  127 foxfires
127 creatures vanquished.

Grand Total: 176 creatures vanquished

Notes
Turn   | Place    | Note
-------+----------+-------------------------------------------
     0 | D:1      | GreenGift the Draconian Fire Elementalist began the quest
                  | for the Orb.
     0 | D:1      | Reached XP level 1. HP: 14/14 MP: 3/3
   192 | D:1      | Reached XP level 2. HP: 20/20 MP: 0/5
   247 | D:1      | Learned a level 2 spell: Scorch
   575 | D:1      | Found a faded altar of an unknown god.
  1093 | D:1      | Reached XP level 3. HP: 20/26 MP: 1/6
  1238 | D:2      | Found Vukhlu's Armour Shop.
  2203 | D:2      | Noticed Robin
  2211 | D:2      | Reached XP level 4. HP: 30/33 MP: 1/7
  2220 | D:2      | HP: 1/33 [hobgoblin[Robin] (4)]
  2223 | D:2      | Slain by a goblin

Illustrated notes

Levels and vault maps discovered:
D:1:      nzn_arrival_crosshair, layout_basic, chequers_ecumenical_altar_simple
D:2:      layout_basic, serial_shops, shop_fountains,
          kennysheep_generic_room_10, uniq_robin

Skill      XL: |  1  2 |
---------------+-------+-----
Stealth        | 2 |  2.4
Dodging        | 2 |  2.3
Spellcasting   | |  2.4
Conjurations   | |  1.9
Fire Magic     | |  3.4

Action                   |  1- 3 |  4- 6 || total
-------------------------+-------+-------++-------
Melee: Unarmed           |    21 |     1 ||    22
       Tailslap          |     5 |       ||     5
 Cast: Foxfire           |    78 |     2 ||    80
       Scorch            |     1 |     2 ||     3
  Use: Scroll            |     5 |     1 ||     6
       Potion            |       |     1 ||     1
Armor: Skin              |    17 |     7 ||    24
Dodge: Dodged            |    32 |     8 ||    40

Table legend: (Time is in decaauts)
 A = Elapsed time spent in this place.
 B = Non-inter-level travel time spent in this place.
 C = Inter-level travel time spent in this place.
 D = Time resting spent in this place.
 E = Time spent auto-exploring this place.
 F = Levels seen in this place.
 G = Mean time per level.
                   A        B        C        D        E       F      G
               +--------+--------+--------+--------+--------+-----+--------+
         Total |   2222 |   2222 |      0 |    935 |    159 |   2 | 1111.0 |
       Dungeon |   2222 |   2222 |      0 |    935 |    159 |   2 | 1111.0 |
               +--------+--------+--------+--------+--------+-----+--------+

Top non-repeatable levels by time:
     D:1: 1212 daAuts
     D:2: 1010 daAuts
